 Dungeon Crawl Stone Soup version 0.30.0-29-ga12c61a403 (webtiles) character file.

Game seed: 18195789198049212688

3255 MacCMillion the Frost Mage (level 10, 0/74 HPs)
             Began as a Gnoll Ice Elementalist on June 19, 2023.
             Was a Follower of Cheibriados.
             Killed from afar by a gargoyle (19 damage)
             ... with a stone arrow
             ... on level 7 of the Dungeon.
             The game lasted 00:16:27 (9398 turns).

MacCMillion the Frost Mage (Gnoll Ice Elementalist) Turns: 9398, Time: 00:16:28

Health: 0/74       AC: 16    Str: 10    XL:     10   Next: 0%
Magic:  26/29      EV: 17    Int: 20    God:    Cheibriados [*.....]
Gold:   421        SH:  0    Dex: 21    Spells: 16/23 levels left

rFire   . . .        K - +3 spear
rCold   . . .        (no shield)
rNeg    + . .        f - +2 robe {rN+}
rPois   .            r - +2 hat
rElec   .            (no cloak)
rCorr   .            J - +1 Delatra's gloves {ID++}
SInv    .            (no boots)
Will    .....        (no amulet)
Stlth   ++++         h - +6 ring of dexterity
HPRegen 0.32/turn    y - ring of magical power
MPRegen 0.21/turn

%: no passive effects
@: ice-armoured, studying Hexes, very slow
A: fangs 1, strong nose, distributed training
a: Renounce Religion, Bend Time


You were on level 7 of the Dungeon.
You worshipped Cheibriados.
Cheibriados was aware of your devotion.
You visited 2 branches of the dungeon, and saw 9 of its levels.

You collected 443 gold pieces.
You spent 22 gold pieces at shops.

Inventory:

Hand Weapons
 i - a +0 short sword of flaming
 x - a +2 flail of draining
 K - a +3 spear (weapon)
Missiles
 m - 8 poisoned darts
 D - 4 atropa-tipped darts
 O - 2 throwing nets
 P - a curare-tipped dart
Armour
 a - the +1 robe of Finiesti {rC+ rN+}
   (You found it on level 7 of the Dungeon)

   rC:        It protects you from cold.
   rN:        It protects you from negative energy.
 f - a +2 robe of positive energy (worn)
 r - a +2 hat (worn)
 J - the +1 Delatra's gloves (worn) {ID++}
   (You found it on level 6 of the Dungeon)

   ID++:      It heals its wearer when they drink unknown potions, and restores
   their MP when they read unknown scrolls.
Magical Staves
 n - a staff of fire
Jewellery
 h - a +6 ring of dexterity (left hand)
 u - a ring of protection from fire
 y - a ring of magical power (right hand)
 B - a ring of willpower
Wands
 C - a wand of acid (9)
 H - a wand of polymorph (11)
 I - a wand of roots (19)
Scrolls
 c - 6 scrolls of identify
 d - 2 scrolls of fog {unknown}
 g - a scroll of butterflies {unknown}
 j - 2 scrolls of amnesia {unknown}
 k - a scroll of teleportation {unknown}
 l - 2 scrolls of vulnerability {unknown}
 o - 2 scrolls of enchant weapon {unknown}
 q - 5 scrolls of poison {unknown}
 z - a scroll of noise {unknown}
 A - a scroll of magic mapping {unknown}
 F - 2 scrolls of fear {unknown}
 L - a scroll of blinking {unknown}
 N - a scroll of enchant armour {unknown}
 Q - a scroll of immolation {unknown}
Potions
 b - a potion of magic
 e - 4 potions of curing
 p - 2 potions of lignification
 s - a potion of invisibility
 v - a potion of ambrosia {unknown}
 w - 3 potions of flight {unknown}
 E - 3 potions of attraction {unknown}
 G - a potion of resistance {unknown}
 M - a potion of brilliance {unknown}


   Skills:
 + Level 5.0 Fighting
 + Level 5.0 Short Blades
 + Level 5.0 Long Blades
 + Level 5.0 Axes
 + Level 5.0 Maces & Flails
 + Level 5.0 Polearms
 + Level 5.0 Staves
 + Level 5.0 Ranged Weapons
 + Level 5.0 Throwing
 + Level 5.0 Armour
 + Level 6.8 Dodging
 + Level 6.5 Stealth
 + Level 5.0 Shields
 + Level 5.0 Unarmed Combat
 + Level 7.1 Spellcasting
 + Level 4.1 Conjurations
 + Level 5.0 Hexes
 + Level 4.1 Summonings
 + Level 4.1 Necromancy
 + Level 4.1 Translocations
 + Level 4.1 Transmutations
 + Level 4.1 Fire Magic
 + Level 8.3 Ice Magic
 + Level 4.1 Air Magic
 + Level 4.1 Earth Magic
 + Level 4.1 Poison Magic
 + Level 5.4 Invocations
 + Level 5.0 Evocations


You had 16 spell levels left.
You knew the following spells:

 Your Spells              Type           Power      Damage    Failure   Level
a - Freeze                Ice            100%       1d10      1%          1
b - Frozen Ramparts       Ice            80%        1d13      1%          3
c - Ozocubu's Armour      Ice            40%        N/A       1%          3

Your spell library contained the following spells:

 Spells                   Type           Power      Damage    Failure   Level
 Necrotise                Necr           92%        1d8       1%          1
 Tukima's Dance           Hex            27%        N/A       3%          3
 Portal Projectile        Hex/Tloc       50%        N/A       4%          3
 Call Canine Familiar     Summ           23%        N/A       5%          3
 Vampiric Draining        Necr           23%        2d7       5%          3
 Summon Ice Beast         Ice/Summ       32%        N/A       7%          4
 Leda's Liquefaction      Hex/Erth       12%        N/A       14%         4
 Passage of Golubria      Tloc           23%        N/A       17%         4
 Yara's Violent Unravell  Hex/Tmut       12%        3d7       36%         5
 Agony                    Necr           23%        N/A       43%         5


Dungeon Overview and Level Annotations

Branches:
Dungeon (8/15)             Temple (1/1) D:6
   Lair: D:8-11

Altars:
Ashenzari
Cheibriados
Dithmenos
Elyvilon
Fedhas
Hepliaklqana
Kikubaaqudgha
Makhleb
Nemelex Xobeh
Okawaru
Qazlal
Sif Muna
Trog
Uskayaw
Vehumet
Wu Jian
Xom
Yredelemnul
Zin
The Shining One

Shops:
D:4 ?

Annotations:
D:5 Sigmund
D:7 exclusion: 3 wights


Innate Abilities, Weirdness & Mutations

You have very sharp teeth.
Your uncanny sense of smell can sniff out nearby items.
Your experience applies equally to all skills.


Message History

The gargoyle is severely damaged.
The wall freezes the gargoyle but does no damage.
The gargoyle completely misses you.
You closely miss the gargoyle.
You bite the gargoyle, but do no damage.
The gargoyle is severely damaged.
The wall freezes the gargoyle but does no damage.
The gargoyle closely misses you.
You hit the gargoyle but do no damage.
The gargoyle is severely damaged.
You barely miss the gargoyle.
The gargoyle is severely damaged.
The wall freezes the gargoyle but does no damage.
The gargoyle hits you with a +3 mace of protection!
You hit the gargoyle but do no damage.
The gargoyle is heavily damaged.
The wall freezes the gargoyle.
The gargoyle hits you with a +3 mace of protection.
* * * LOW HITPOINT WARNING * * *
You hit the gargoyle but do no damage.
You bite the gargoyle, but do no damage.
The gargoyle is severely damaged.
The wall freezes the gargoyle.
The gargoyle hurls a stone arrow at you.
The stone arrow hits you!
* * * LOW HITPOINT WARNING * * *
You hit the gargoyle.
The gargoyle is almost destroyed.
The frozen ramparts melt away.
The gargoyle completely misses you.
You feel much better. The gargoyle closely misses you.
You hit the gargoyle but do no damage.
The gargoyle is almost destroyed.
The gargoyle hits you with a +3 mace of protection!
* * * LOW HITPOINT WARNING * * *
You hit the gargoyle but do no damage.
You bite the gargoyle, but do no damage.
The gargoyle is almost destroyed.
The gargoyle hurls a stone arrow at you.
The stone arrow hits you!!
You die...

.~# #..........
... ~~#
#......##.# #.#
###
#...)..##)###.#
#......##..##.#
#......##...#.#
#.........P...#
#######.......#
#.....9>#
#....P@##
#.P.P..# #####
#...#### ....#
#...# ....# #...#
....# #...# ....#
#...#
###########...###
#...........#


You could see a gargoyle.

Vanquished Creatures
  Grinder (D:3)
  Edmund (D:4)
  3 black bears
  2 orc warriors (D:6)
  2 sky beasts
  An ice beast (D:5)
  3 ogres
  2 centaurs
  2 phantoms
  A kobold brigand (D:7)
  A gnoll sergeant (D:6)
  3 bullfrogs (D:7)
  2 scorpions (D:5)
  13 wights
  A howler monkey (D:6)
  An orc priest (D:6)
  A gnoll bouda (D:6)
  3 iguanas
  4 orc wizards
  A sleepcap (D:4)
  3 gnolls (D:6)
  11 adders
  A white imp (D:6)
  An ufetubus (D:5)
  3 worms
  A dart slug (D:2)
  10 orcs
  5 bats
  6 endoplasms
  6 giant cockroaches
  7 goblins
  6 hobgoblins
  4 jackals (D:2)
  2 quokkas
  2 ball pythons
  3 frilled lizards
  7 kobolds
  4 rats
130 creatures vanquished.

Notes
Turn   | Place    | Note
-------+----------+-------------------------------------------
     0 | D:1      | MacCMillion the Gnoll Ice Elementalist began the quest for
                  | the Orb.
     0 | D:1      | Reached XP level 1. HP: 13/13 MP: 6/6
   206 | D:1      | Reached XP level 2. HP: 19/19 MP: 5/7
   904 | D:2      | Reached skill level 5 in Spellcasting
   904 | D:2      | Reached XP level 3. HP: 25/25 MP: 7/9
   908 | D:2      | Learned a level 3 spell: Frozen Ramparts
   912 | D:2      | Learned a level 3 spell: Ozocubu's Armour
   952 | D:2      | Reached skill level 1 in Invocations
  1330 | D:2      | Reached skill level 1 in Fighting
  1330 | D:2      | Reached skill level 1 in Short Blades
  1330 | D:2      | Reached skill level 1 in Long Blades
  1330 | D:2      | Reached skill level 1 in Axes
  1330 | D:2      | Reached skill level 1 in Maces & Flails
  1330 | D:2      | Reached skill level 1 in Polearms
  1330 | D:2      | Reached skill level 1 in Staves
  1330 | D:2      | Reached skill level 1 in Ranged Weapons
  1330 | D:2      | Reached skill level 1 in Throwing
  1330 | D:2      | Reached skill level 1 in Armour
  1330 | D:2      | Reached skill level 1 in Shields
  1330 | D:2      | Reached skill level 1 in Unarmed Combat
  1330 | D:2      | Reached skill level 1 in Evocations
  1346 | D:2      | Reached XP level 4. HP: 32/32 MP: 7/11
  1607 | D:2      | Reached skill level 1 in Conjurations
  1607 | D:2      | Reached skill level 1 in Hexes
  1607 | D:2      | Reached skill level 1 in Summonings
  1607 | D:2      | Reached skill level 1 in Necromancy
  1607 | D:2      | Reached skill level 1 in Translocations
  1607 | D:2      | Reached skill level 1 in Transmutations
  1607 | D:2      | Reached skill level 1 in Fire Magic
  1607 | D:2      | Reached skill level 1 in Air Magic
  1607 | D:2      | Reached skill level 1 in Earth Magic
  1607 | D:2      | Reached skill level 1 in Poison Magic
  1755 | D:3      | Noticed Grinder
  1762 | D:3      | Paralysed by Grinder for 4 turns
  1775 | D:3      | HP: 1/32 [Grinder (4)]
  1783 | D:3      | Paralysed by Grinder for 4 turns
  1793 | D:3      | Paralysed by Grinder for 5 turns
  1801 | D:3      | Killed Grinder
  1802 | D:3      | Reached skill level 5 in Dodging
  1802 | D:3      | Reached XP level 5. HP: 8/38 MP: 2/12
  1802 | D:3      | Reached XP level 6. HP: 10/44 MP: 2/14
  2510 | D:3      | Found a faded altar of an unknown god.
  2668 | D:4      | Noticed Edmund
  2684 | D:4      | Killed Edmund
  2685 | D:4      | Reached XP level 7. HP: 19/50 MP: 6/15
  2926 | D:4      | Found Doill's Magic Scroll Boutique.
  3129 | D:4      | Reached skill level 5 in Stealth
  3214 | D:4      | Bought a scroll of identify for 22 gold pieces
  3571 | D:5      | Entered Level 5 of the Dungeon
  3778 | D:5      | Reached XP level 8. HP: 58/58 MP: 8/16
  3811 | D:5      | Noticed Sigmund
  5165 | D:6      | Reached XP level 9. HP: 54/65 MP: 17/18
  5228 | D:6      | Found a staircase to the Ecumenical Temple.
  5231 | D:6      | Found the +1 Delatra's gloves {ID++}
  5268 | Temple   | Entered the Ecumenical Temple
  5452 | Temple   | Became a worshipper of Cheibriados the Contemplative
  5639 | D:6      | Found a radiant altar of Vehumet.
  6051 | D:6      | Reached skill level 8 in Ice Magic
  7296 | D:7      | Identified the +1 robe of Finiesti {rC+ rN+}
  7374 | D:7      | Reached skill level 5 in Invocations
  9055 | D:7      | Reached * piety under Cheibriados
  9331 | D:7      | Reached skill level 5 in Fighting
  9331 | D:7      | Reached skill level 5 in Short Blades
  9331 | D:7      | Reached skill level 5 in Long Blades
  9331 | D:7      | Reached skill level 5 in Axes
  9331 | D:7      | Reached skill level 5 in Maces & Flails
  9331 | D:7      | Reached skill level 5 in Polearms
  9331 | D:7      | Reached skill level 5 in Staves
  9331 | D:7      | Reached skill level 5 in Ranged Weapons
  9331 | D:7      | Reached skill level 5 in Throwing
  9331 | D:7      | Reached skill level 5 in Armour
  9331 | D:7      | Reached skill level 5 in Shields
  9331 | D:7      | Reached skill level 5 in Unarmed Combat
  9331 | D:7      | Reached skill level 5 in Hexes
  9331 | D:7      | Reached skill level 5 in Evocations
  9331 | D:7      | Reached XP level 10. HP: 74/74 MP: 20/20
  9374 | D:8      | Noticed a gargoyle
  9398 | D:7      | Killed from afar by a gargoyle

Illustrated notes

Levels and vault maps discovered:
D:1:      dpeg_arrival_more_subterranean_lakeside_camping, layout_loops_ring,
          serial_park_tiny_2
D:2:      layout_basic
D:3:      layout_rooms, ebering_ecumenical_altar_hall, uniq_grinder
D:4:      layout_rooms, serial_shops, shop, uniq_edmund
D:5:      layout_cave_pools, uniq_sigmund
D:6:      layout_basic, fiery_altar_vehumet, minmay_temple_entry_offerings,
          minmay_manual_moon
D:7:      layout_basic, grunt_ogre_cave, minmay_gold_behind_fungi,
          grunt_ministairs_1, kennysheep_generic_room_12
D:8:      layout_rooms, mainiacjoe_overflow_tiny_flanked,
          gammafunk_ghost_gnarly_gnolls
Temple:   nicolae_temple_bog_church

Skill      XL: |  1  2  3  4  5  6  7  8  9 |
---------------+----------------------------+-----
Spellcasting   | 5 6 7 |  7.1
Invocations    | 1 2 3 4 5 |  5.4
Fighting       | 1 2 3 5 |  5.0
Short Blades   | 1 2 3 5 |  5.0
Long Blades    | 1 2 3 5 |  5.0
Axes           | 1 2 3 5 |  5.0
Maces & Flails | 1 2 3 5 |  5.0
Polearms       | 1 2 3 5 |  5.0
Staves         | 1 2 3 5 |  5.0
Ranged Weapons | 1 2 3 5 |  5.0
Throwing       | 1 2 3 5 |  5.0
Armour         | 1 2 3 5 |  5.0
Shields        | 1 2 3 5 |  5.0
Unarmed Combat | 1 2 3 5 |  5.0
Evocations     | 1 2 3 5 |  5.0
Conjurations   | 1 2 3 4 |  4.1
Hexes          | 1 2 3 5 |  5.0
Summonings     | 1 2 3 4 |  4.1
Necromancy     | 1 2 3 4 |  4.1
Translocations | 1 2 3 4 |  4.1
Transmutations | 1 2 3 4 |  4.1
Fire Magic     | 1 2 3 4 |  4.1
Air Magic      | 1 2 3 4 |  4.1
Earth Magic    | 1 2 3 4 |  4.1
Poison Magic   | 1 2 3 4 |  4.1
Dodging        | 5 6 |  6.8
Stealth        | 5 6 |  6.5
Ice Magic      | 8 |  8.3

Action                     |  1- 3 |  4- 6 |  7- 9 | 10-12 || total
---------------------------+-------+-------+-------+-------++-------
  Melee: Unarmed           |     5 |       |       |       ||     5
         Short sword       |    17 |    49 |   220 |       ||   286
         Bite              |     1 |     4 |    57 |     3 ||    65
         Flail             |       |       |    19 |       ||    19
         Punch             |       |       |    17 |     1 ||    18
         Spear             |       |       |    97 |    14 ||   111
  Throw: Dart              |       |     1 |     7 |       ||     8
   Cast: Freeze            |    32 |    18 |    17 |       ||    67
         Frozen Ramparts   |     1 |     4 |    37 |     1 ||    43
         Ozocubu's Armour  |       |     3 |    33 |     1 ||    37
    Use: Scroll            |       |       |     4 |       ||     4
         Potion            |       |       |     4 |     1 ||     5
   Stab: Sleeping          |     5 |    12 |     8 |       ||    25
 Armour: Robe              |     4 |    11 |    79 |       ||    94
  Dodge: Dodged            |    27 |    26 |   260 |     9 ||   322
